 Dungeon Crawl Stone Soup version 0.31-a0-1025-g2e47921a08 (webtiles) character file.

Game seed: 5480992520239337351

665 Anon1729 the Trooper (level 7, -1/64 HPs)
             Began as a Minotaur Monk on Nov 17, 2023.
             Slain by a gnoll
             ... wielding a +0 halberd
             ... led by a gnoll bouda
              (10 damage)
             ... on level 6 of the Dungeon.
             The game lasted 00:02:33 (3210 turns).

Anon1729 the Trooper (Minotaur Monk)                Turns: 3210, Time: 00:02:34

Health: -1/64      AC:  2    Str: 15    XL:     7   Next: 31%
Magic:  6/6        EV: 14    Int:  7    God:
Gold:   186        SH:  0    Dex: 15    Spells: 6/6 levels left

rFire   . . .        a - +0 falchion
rCold   . . .        d - orb {light}
rNeg    . . .        b - +0 robe
rPois   +            (helmet restricted)
rElec   .            (no cloak)
rCorr   .            (no gloves)
SInv    .            (no boots)
Will    .....        (no amulet)
Stlth   +            l - ring of poison resistance
HPRegen 0.30/turn    (no ring)
MPRegen 0.10/turn

%: no passive effects
@: confused, ambrosia-drunk, weakened, glowing
A: horns 2, retaliatory headbutt
a: no special abilities


You were on level 6 of the Dungeon.
You visited 2 branches of the dungeon, and saw 7 of its levels.

You collected 186 gold pieces.

Inventory:

Hand Weapons
 a - a +0 falchion (weapon)
Armour
 b - a +0 robe (worn)
 d - an orb of light (worn)
 m - an orb of wrath
 u - the +8 plate armour "Exzudingi" {Will- Int+4 Dex+3}
   (You found it on level 3 of the Dungeon)

   Int+4:     It affects your intelligence (+4).
   Dex+3:     It affects your dexterity (+3).
   Will-:     It decreases your willpower.
Jewellery
 l - a ring of poison resistance (left hand)
Wands
 w - a wand of flame (21)
Scrolls
 e - 3 scrolls of teleportation {unknown}
 h - 2 scrolls of fear {unknown}
 i - a scroll of noise {unknown}
 j - 3 scrolls of identify {unknown}
 k - a scroll of silence {unknown}
 o - 2 scrolls of immolation {unknown}
 p - 2 scrolls of vulnerability {unknown}
 r - a scroll of blinking {unknown}
 s - 3 scrolls of amnesia {unknown}
Potions
 f - a potion of haste {unknown}
 g - a potion of curing {unknown}
 n - 4 potions of might {unknown}
 q - a potion of heal wounds {unknown}
 t - a potion of enlightenment {unknown}
 v - 2 potions of cancellation {unknown}


   Skills:
 + Level 6.7 Fighting
 + Level 6.5 Long Blades
 + Level 5.9 Dodging


You had 6 spell levels left.
You didn't know any spells.
Your spell library contained the following spells:

 Spells                   Type           Power      Damage    Failure   Level
 Apportation              Tloc           0%         N/A       43%         1
 Jinxbite                 Hex            0%         N/A       56%         2
 Scorch                   Fire           0%         2d5       56%         2
 Flame Wave               Conj/Fire      0%         2d4       99%         4
 Alistair's Intoxication  Tmut/Pois      0%         N/A       100%        5
 Summon Cactus Giant      Summ           0%         N/A       100%        6


Dungeon Overview and Level Annotations

Branches:
Dungeon (6/15)             Temple (1/1) D:4

Altars:
Ashenzari
Cheibriados
Dithmenos
Elyvilon
Fedhas
Gozag
Hepliaklqana
Kikubaaqudgha
Nemelex Xobeh
Okawaru
Qazlal
Sif Muna
Uskayaw
Vehumet
Wu Jian
Zin
The Shining One

Shops:
D:2 [   D:6 :


Innate Abilities, Weirdness & Mutations

You have a pair of horns on your head.
You reflexively headbutt those who attack you in melee.


Message History

You hit the gnoll.
You headbutt the gnoll, but do no damage.
The gnoll is moderately wounded.
The gnoll completely misses you.
The gnoll hits you from afar with a +0 halberd.
You hit the gnoll.
The gnoll is moderately wounded.
The gnoll hits you with a +0 spear. The gnoll closely misses you.
The gnoll bouda barks out a call to the hunt!
The gnolls pick up the pace!
You slash the gnoll!
You kill the gnoll!
The gnoll closely misses you.
You slash the gnoll bouda! You headbutt the gnoll bouda.
The gnoll bouda is heavily wounded.
The gnoll hits you from afar with a +0 halberd!
The gnoll bouda gazes fiercely through you!
You feel your attacks grow feeble.
The gnoll bouda hits you with a +0 whip!
* * * LOW HITPOINT WARNING * * *
You hit the gnoll bouda. You headbutt the gnoll bouda.
The gnoll bouda is almost dead.
The gnoll misses you. The gnoll bouda barely misses you.
You barely miss the gnoll bouda.
The gnoll bouda is almost dead.
A gnoll comes into view. It is wielding a +0 club.
The gnoll misses you.
The gnoll bouda hits you with a +0 whip.
* * * LOW HITPOINT WARNING * * *
You barely miss the gnoll bouda.
You headbutt the gnoll bouda, but do no damage.
The gnoll bouda is almost dead.
The gnoll closely misses you.
The gnoll bouda hits you with a +0 whip.
* * * LOW HITPOINT WARNING * * *
Unknown command.
You are confused.
You feel invigorated.
The gnoll hits you from afar with a +0 halberd!
You die...

##...##.###.#
##...##.# #.#
##...##.###.#
##...##..##.#
##...##.....######
##∩###..##......#
### #.########.#
#..# #.# ....# #@#
#...## #g# .....


gg. .#... ##.#. #.#.# #.# # #.# #.# You could see a gnoll bouda and 2 gnolls.

Vanquished Creatures
  A black bear (D:4)
  3 ogres (D:4)
  A bullfrog (D:6)
  A scorpion (D:6)
  A hound (D:3)
  An orc wizard (D:5)
  2 gnolls (D:6)
  2 adders (D:3)
  A shadow imp (D:6)
  A white imp (D:6)
  2 ufetubi (D:5)
  2 worms
  A dart slug (D:1)
  2 orcs (D:5)
  4 bats
  7 endoplasms
  3 giant cockroaches
  5 goblins
  12 hobgoblins
  2 jackals (D:1)
  10 ball pythons
  5 frilled lizards
  9 kobolds
  6 rats
84 creatures vanquished.

Notes
Turn   | Place    | Note
-------+----------+-------------------------------------------
     0 | D:1      | Anon1729 the Minotaur Monk began the quest for the Orb.
     0 | D:1      | Reached XP level 1. HP: 19/19 MP: 0/0
    54 | D:1      | Found a faded altar of an unknown god.
   128 | D:1      | Reached XP level 2. HP: 15/27 MP: 1/1
   725 | D:2      | You fall into a shaft and drop 1 floor!
   780 | D:3      | Reached XP level 3. HP: 28/33 MP: 2/2
  1110 | D:3      | Reached XP level 4. HP: 41/41 MP: 3/3
  1179 | D:3      | Found a sparkling altar of Nemelex Xobeh.
  1279 | D:3      | Identified the +8 plate armour "Exzudingi" {Will- Int+4
                  | Dex+3}
  1394 | D:2      | Found Kujopo's Armour Boutique.
  1762 | D:4      | Reached skill level 5 in Fighting
  1846 | D:4      | Found a staircase to the Ecumenical Temple.
  1848 | D:4      | Noticed an ogre
  1861 | D:4      | Killed an ogre
  1862 | D:4      | Reached skill level 5 in Long Blades
  1862 | D:4      | Reached XP level 5. HP: 33/48 MP: 4/4
  1942 | D:4      | Noticed an ogre
  1949 | D:4      | Killed an ogre
  1950 | D:4      | Reached skill level 5 in Dodging
  1950 | D:4      | Reached XP level 6. HP: 32/57 MP: 5/5
  2296 | D:4      | Found a glowing golden altar of the Shining One.
  2652 | Temple   | Found a transporter.
  2652 | Temple   | Found a transporter.
  2652 | Temple   | Found a transporter.
  2652 | Temple   | Found a transporter.
  2652 | Temple   | Entered the Ecumenical Temple
  2693 | D:5      | Entered Level 5 of the Dungeon
  2824 | D:6      | Reached XP level 7. HP: 20/64 MP: 6/6
  3145 | D:6      | Found Cucriulu's Tremendous Tomes.
  3210 | D:6      | Slain by a gnoll

Illustrated notes

Levels and vault maps discovered:
D:1:      dpeg_arrival_connections, layout_basic, shapermc_ecumenical_altar_gd,
          minmay_pentomino_p2
D:2:      layout_rooms, serial_shops, shop, grunt_decor_cap
D:3:      layout_rooms, nicolae_overflow_crystal_walls,
          minmay_fractal_squares_diagonal_5
D:4:      layout_basic, kennysheep_mini_moat, temple_fountains
D:5:      layout_basic
D:6:      layout_loops_ring, general_overflow_altar,
          nicolae_shop_i_like_big_books, amcnicky_mini_pool_small,
          nicolae_shop_overcharged_wands
Temple:   hellmonk_temple_divided_pantheon

Skill      XL: |  1  2  3  4  5  6 |
---------------+-------------------+-----
Fighting       | 4 5 6 |  6.7
Long Blades    | 4 5 6 |  6.5
Dodging        | 4 5 |  5.9

Action                     |  1- 3 |  4- 6 |  7- 9 || total
---------------------------+-------+-------+-------++-------
  Melee: Falchion          |    76 |    84 |    25 ||   185
         Headbutt          |    12 |    14 |     6 ||    32
    Use: Potion            |       |     1 |     1 ||     2
 Armour: Robe              |    37 |    46 |    18 ||   101
  Dodge: Dodged            |    57 |    55 |    27 ||   139

Table legend: (Time is in decaauts)
 A = Elapsed time spent in this place.
 B = Non-inter-level travel time spent in this place.
 C = Inter-level travel time spent in this place.
 D = Time resting spent in this place.
 E = Time spent auto-exploring this place.
 F = Levels seen in this place.
 G = Mean time per level.
                   A        B        C        D        E       F      G
               +--------+--------+--------+--------+--------+-----+--------+
         Total |   3219 |   3028 |    191 |    300 |   2240 |   7 |  459.9 |
       Dungeon |   3193 |   3010 |    183 |    300 |   2240 |   6 |  532.2 |
        Temple |     25 |     17 |      8 |      0 |      0 |   1 |   25.0 |
               +--------+--------+--------+--------+--------+-----+--------+

Top non-repeatable levels by time:
     D:4: 924 daAuts
     D:1: 682 daAuts
     D:3: 642 daAuts
     D:2: 429 daAuts
     D:6: 388 daAuts
     D:5: 126 daAuts
  Temple: 25 daAuts
